 Dungeon Crawl Stone Soup version 0.19.0-18-g426998a (webtiles) character file.

220860 inmateoo the Brawler (level 19, -11/223 HPs)
             Began as a Naga Warper on Nov 11, 2016.
             Was the Champion of Cheibriados.
             Killed from afar by Mara (illusionary) (47 damage)
             ... with a bolt of fire
             ... on level 3 of the Shoals.
             The game lasted 01:10:18 (25645 turns).

inmateoo the Brawler (Naga Warper)                 Turns: 25645, Time: 01:10:19

Health: -11/223    AC: 33    Str: 37    XL:     19   Next: 19%
Magic:  0/35       EV: 21    Int: 29    God:    Cheibriados [******]
Gold:   250        SH:  8    Dex: 29    Spells: 7 memorised, 10 levels left

rFire  . . .     SeeInvis +       - Unarmed
rCold  + . .     Gourm    .     (armour currently unavailable)
rNeg   + + .     Faith    .     N - +1 buckler {rC+}
rPois  ∞         Spirit   +     z - +2 hat of the Bear Spirit {Spirit, +Rage rN+ MR++}
rElec  +         Reflect  .     M - +2 cloak {MR+}
rCorr  .         Harm     .     (gloves currently unavailable)
MR     +++++     Rnd*Tele +     (no barding)
Stlth  +++.......               Z - amulet of Vuaw {Regen+ Stlth+}
                                s - ring of wizardry
                                l - +2 ring of evasion

@: statue-form, studying Earth Magic, drained, very slow
A: see invisible, agile 1, deformed body, high mp 1, magic resistance 1, sense
surroundings 1, poison resistance, electricity resistance, (slowness 0), slow
metabolism 1, spit poison 2, strong 1, teleportitis 1, constrict 1, sturdy frame
1, AC +6
a: Breathe Poison Gas, End Transformation, Bend Time, Temporal Distortion,
Slouch, Step From Time, Renounce Religion, Evoke Berserk Rage
}: 1/15 runes: serpentine


You were on level 3 of the Shoals.
You worshipped Cheibriados.
Cheibriados was exalted by your worship.
You were very hungry.
You were a stone statue.
You visited 6 branches of the dungeon, and saw 31 of its levels.
You also visited: Ice Cave and Volcano.

You collected 3285 gold pieces.
You spent 3035 gold pieces at shops.

Inventory:

Hand Weapons
 P - a +1 spear of distortion
Missiles
 g - 10 steel javelins
 q - 4 javelins of penetration
 A - 18 javelins (quivered)
Armour
 b - a +0 naga barding of flying (melded)
 p - the +1 ring mail of Hepliaklqana's Whim (melded) {Regen+ Dex+2}
   (You found it on level 5 of the Dungeon)

   It affects your dexterity (+2).
   It increases your rate of regeneration.
 z - the +2 hat of the Bear Spirit (worn) {Spirit, +Rage rN+ MR++}
   (You found it on level 4 of the Dungeon)

   It protects you from negative energy.
   It affects your resistance to hostile enchantments.
   It lets you go berserk.
 M - a +2 cloak of magic resistance (worn)
 N - a +1 buckler of cold resistance (worn)
 T - a +2 pair of gloves (melded)
 X - a +1 shield of fire resistance
Jewellery
 l - a +2 ring of evasion (left hand)
 o - an uncursed ring of resist corrosion
 s - a ring of wizardry (right hand)
 Z - the amulet of Vuaw (around neck) {Regen+ Stlth+}
   (You bought it in a shop on level 5 of the Dungeon)

   [amulet of regeneration]

   It increases your rate of regeneration.
   It makes you more stealthy.
Wands
 j - a wand of acid (1/15)
 u - a wand of teleportation (3/9)
 C - a wand of confusion (18/48)
 E - a wand of lightning (5/15)
 F - a wand of digging (11/24)
 Q - a wand of iceblast (6/15)
Scrolls
 c - a scroll of fear
 m - a scroll of magic mapping
 r - 2 scrolls of amnesia
 v - 8 scrolls of remove curse
 y - 10 scrolls of identify
 D - 9 scrolls of recharging
 H - 4 scrolls of fog
 J - 4 scrolls of teleportation
 K - a scroll of summoning
 L - 2 scrolls of enchant armour
 O - 4 scrolls of blinking
Potions
 a - 2 potions of agility
 d - 7 potions of flight
 e - 15 potions of curing
 h - 3 potions of brilliance
 i - a potion of cure mutation
 k - a potion of cancellation
 t - 4 potions of ambrosia
 w - 5 potions of resistance
 B - 4 potions of might
 I - 2 potions of heal wounds
Books
 U - a manual of Earth Magic
 V - a book of the Warp

   Spells                             Type                      Level
   a - Gell's Gravitas                Hexes/Translocation          3
   b - Portal Projectile              Translocation                3
   c - Force Lance                    Conjuration/Translocation    4
   d - Dispersal                      Translocation                6
   e - Controlled Blink               Translocation                8
   f - Disjunction                    Translocation                8
 W - a book of Cantrips

   Spells                             Type                      Level
   a - Confusing Touch                Hexes                        1
   b - Animate Skeleton               Necromancy                   1
   c - Summon Small Mammal            Summoning                    1
   d - Apportation                    Translocation                1
 Y - a book of Conjurations

   Spells                             Type                      Level
   a - Magic Dart                     Conjuration                  1
   b - Searing Ray                    Conjuration                  2
   c - Dazzling Spray                 Conjuration/Hexes            3
   d - Fulminant Prism                Conjuration/Hexes            4
   e - Iskenderun's Mystic Blast      Conjuration                  4
   f - Iskenderun's Battlesphere      Conjuration/Charms           5
Miscellaneous
 G - 3 boxes of beasts
Comestibles
 f - 14 bread rations
 n - 8 meat rations
 x - 7 fruits
 S - 5 slices of pizza


   Skills:
 + Level 11.4(11.2) Fighting
 - Level 7.0(6.8) Throwing
 + Level 7.5(7.3) Armour
 + Level 9.3(9.1) Dodging
 + Level 4.6(4.4) Shields
 * Level 17.7(17.4) Unarmed Combat
 + Level 9.3(9.1) Spellcasting
 - Level 4.3(4.1) Charms
 * Level 8.8(8.7) Translocations
 + Level 8.9(8.7) Transmutations
 - Level 13.2(13.0) Earth Magic
 + Level 11.1(10.9) Invocations


You had 10 spell levels left.
You knew the following spells:

 Your Spells              Type           Power        Failure   Level  Hunger
a - Regeneration          Chrm/Necr      ####......   3%          3    None
b - Repel Missiles        Chrm/Air       ####..       1%          2    None
c - Statue Form           Tmut/Erth      ######...    4%          6    #####..
d - Blink                 Tloc           N/A          1%          2    None
e - Passage of Golubria   Tloc           N/A          1%          4    None
f - Apportation           Tloc           ######....   1%          1    None
g - Controlled Blink      Tloc           N/A          100%        8    #######


Dungeon Overview and Level Annotations

Branches:
Dungeon (15/15)            Temple (1/1) D:5            Lair (6/6) D:8
 Shoals (3/4) Lair:2        Snake (4/4) Lair:3        Slime (0/5) Lair:6
    Orc (2/2) D:10            Elf (0/3) Orc:2        Vaults (0/5) D:13
 Depths (0/5) D:15

Altars:
Ashenzari
Cheibriados
Dithmenos
Elyvilon
Fedhas
Gozag
Hepliaklqana
Kikubaaqudgha
Nemelex Xobeh
Okawaru
Qazlal
Ru
Sif Muna
Trog
Uskayaw
Vehumet
Xom
Yredelemnul
Zin
Beogh

Shops:
D:5 :=   D:9 (   D:15 *   Orc:2 !*:(   Shoals:2 *   Snake:1 =   Snake:2 }==

Portals:
Pandemonium: Orc:2

Annotations:
Shoals:3 Mara


Innate Abilities, Weirdness & Mutations

You cannot wear boots.
((Your serpentine skin is tough. (AC +6)))
You have supernaturally acute eyesight. (SInv)
Armour fits poorly on your strangely shaped body.
Your system is resistant to poisons. (rPois)
((You cover ground very slowly.))
You have a slow metabolism.
You can exhale a cloud of poison.
You can use your snake-like lower body to constrict enemies.
You are agile. (Dex +2)
You have an increased reservoir of magic. (+10% MP)
You are resistant to hostile enchantments. (MR+)
You passively map a small area around you.
You are resistant to electric shocks. (rElec)
Your muscles are strong. (Str +2)
You are occasionally teleported next to monsters.
Your movements are slightly less encumbered by armour. (ER -2)


Message History

The bolt of fire hits you!
* * * LOW HITPOINT WARNING * * *
Mara gestures.
Mara gestures at you. The bolt of fire hits you!
Mara splashes around in the water.
You pummel Mara!!
Mara is almost dead.
You constrict Mara.
The snapping turtle completely misses you.
Mara gestures at you. The bolt of fire hits you!
* * * LOW HITPOINT WARNING * * *
Mara splashes around in the water.
You block the snapping turtle's attack.
Unknown command.
You are feeling very hungry.
You pummel Mara!!
You kill Mara!
Mara gestures at you. The bolt of fire hits you!
You die...

, ,..≈≈≈≈.....≈≈≈≈≈≈≈ , ..##
..≈≈≈... #..≈≈≈≈≈ , .≈.. ,
......,.# #.≈≈≈≈. ..... ....
.###.≈≈≈≈. , )≈≈≈≈≈.....
#..#*#....≈≈≈≈≈^ ≈ ≈≈≈≈≈≈≈≈...#
#†.###.≈≈≈≈≈≈≈≈† ≈
.≈≈≈≈≈≈≈≈...###t....≈≈≈≈≈≈≈≈≈.
≈≈≈≈≈≈≈≈≈≈≈≈....@≈≈≈≈≈≈≈≈≈≈≈≈≈.
≈≈≈≈≈≈≈≈≈≈≈≈≈≈≈8.§§≈R≈≈≈≈≈≈≈≈≈≈≈
≈≈≈≈≈≈≈≈≈≈≈≈≈≈≈≈.R≈≈≈≈≈≈≈≈≈≈≈≈≈≈≈
≈≈≈≈≈≈≈≈≈≈≈>....≈≈≈≈≈≈≈≈≈≈≈≈≈≈≈≈≈
≈≈≈≈≈≈≈≈≈≈......../.......≈≈≈≈≈≈≈
≈≈≈≈≈≈≈≈≈....######..###..≈≈≈≈≈≈.
≈≈≈≈≈≈≈≈≈..### #### #..≈≈≈≈≈≈≈
≈≈≈≈≈≈≈≈≈..#### #####..≈≈≈≈≈≈≈
≈≈≈≈≈≈≈≈≈≈≈≈..######....≈≈≈≈≈≈≈.≈
≈≈≈≈≈≈≈≈≈≈≈≈≈...........≈≈≈≈≈≈≈..


You could see Mara, a snapping turtle and inmateoo's illusion.

Vanquished Creatures
  Vashnia (Snake:3)
  Nikola (Shoals:1)
  Jorgrun (Shoals:2)
  Frances (Snake:2)
  Polyphemus (Shoals:2)
  Gastronok (Lair:1)
  Kirke (Lair:4)
  6 nagarajas
  A fire giant (D:15)
  Aizul (Snake:3)
  Nessos (D:14)
  A merfolk javelineer (Shoals:3)
  2 merfolk impalers (Shoals:3)
  A yaktaur captain (D:13)
  4 hydras
  A catoblepas (Shoals:2)
  8 anacondas
  2 merfolk avatars
  A centaur warrior (D:15)
  11 naga warriors
  Erica (D:9)
  A death knight (D:15)
  2 tengu warriors (D:15)
  24 naga sharpshooters
  9 death yaks
  4 orc high priests (Orc:2)
  8 shock serpents
  Sonja (D:10)
  Urug (Lair:4)
  2 sixfirhies (Orc:2)
  10 skeletal warriors
  3 salamander mystics
  3 sea snakes
  2 torturous demonspawn (Orc:2)
  An infernal demonspawn (Orc:2)
  2 unseen horrors (D:12)
  A wizard (D:14)
  7 naga ritualists
  9 harpies
  6 hill giants
  5 orc knights (Orc:2)
  A wolf spider zombie (D:15)
  9 mana vipers
  3 fauns
  6 ugly things
  9 orc sorcerers (Orc:2)
  5 manticores
  An orb spider (shapeshifter) (D:14)
  10 salamanders
  2 cyclopes (D:15)
  14 elephants
  3 centaur zombies
  8 sirens
  34 naga magi
  41 black mambas
  3 guardian serpents
  4 water nymphs
  An eye of devastation (shapeshifter) (D:15)
  Maurice (D:9)
  An orange demon (Orc:2)
  A gargoyle (D:14)
  20 spiny frogs
  6 rime drakes
  An efreet (D:13)
  17 komodo dragons
  An ice devil (Orc:2)
  A redback zombie (D:14)
  2 yaktaurs (D:13)
  4 trolls
  A polar bear (Lair:3)
  3 two-headed ogres
  A wind drake (Shoals:2)
  3 tyrant leeches (Lair:6)
  14 merfolk
  14 blink frogs
  7 dream sheep (Lair:6)
  3 snapping turtles
  7 slime creatures
  8 hippogriffs
  2 shadows (D:14)
  3 water elementals
  A centaur simulacrum (D:12)
  A wraith (D:11)
  43 yaks
  A human (D:13)
  3 wyverns
  6 hogs
  2 fire bats (Volcano)
  4 basilisks
  A neqoxec (Orc:2)
  4 vampire mosquitoes (Lair:6)
  53 nagas
  2 steam dragons (D:9)
  2 wargs (Orc:2)
  6 water moccasins
  2 hell hounds (Volcano)
  13 porcupines
  3 sky beasts
  A black bear (shapeshifter) (D:14)
  31 orc warriors
  2 phantoms
  6 black bears
  19 ice beasts
  3 necrophages
  4 boggarts (D:15)
  13 ogres
  10 centaurs
  10 wolves (Lair:6)
  19 crocodiles
  A big kobold (D:11)
  35 bullfrogs
  Dowan (D:4)
  8 killer bees
  7 scorpions
  11 wights
  5 electric eels
  2 bullfrog zombies
  6 crimson imps
  2 quasits
  37 orc priests
  8 hounds
  6 centaur skeletons
  5 jellies
  15 orc wizards
  4 iguanas
  Natasha (twice) (D:4)
  15 worker ants
  10 gnolls
  11 adders
  3 river rats (D:8)
  3 shadow imps
  4 white imps (D:12)
  An ufetubus (D:12)
  An adder zombie (D:5)
  2 oozes
  2 adder skeletons
  3 worms
  4 dart slugs
  3 leopard geckos
  89 orcs
  A ball python (D:2)
  2 giant cockroaches (D:2)
  4 goblins
  4 hobgoblins
  3 jackals (D:2)
  17 kobolds
  4 quokkas
  4 bats
  8 frilled lizards
  A jackal skeleton (D:4)
  A quokka skeleton (D:4)
  8 rats
  A fungus (Lair:6)
  A plant (Lair:6)
1054 creatures vanquished.

Vanquished Creatures (collateral kills)
  An ugly thing (D:11)
  The ghost of Nicoed the Changer, a novice OpTm (D:5)
  A wraith (D:12)
  A hungry ghost (D:11)
  Edmund (D:4)
  A water moccasin (D:6)
  Duvessa (D:4)
  A sky beast (D:5)
  An eye of draining (D:11)
  2 ogres
  A crimson imp (D:6)
  An orc wizard (D:11)
  An orc priest (D:10)
  Natasha (D:4)
  A worker ant zombie (D:6)
  2 gnolls (D:5)
  4 leopard geckos
  15 orcs
  A giant cockroach (D:6)
  A quokka (D:4)
  A fungus (Lair:1)
40 creatures vanquished.

Vanquished Creatures (others)
  A naga mage (Snake:4)
  A two-headed ogre (Volcano)
  An ogre (D:4)
  A centaur (Volcano)
  A boggart (D:15)
  A worker ant (D:12)
  2 orcs (D:12)
  32 fungi
  35 plants
75 creatures vanquished.

Grand Total: 1169 creatures vanquished

Notes
Turn   | Place    | Note
-------+----------+-------------------------------------------
     0 | D:1      | inmateoo the Naga Warper began the quest for the Orb.
     0 | D:1      | Reached XP level 1. HP: 19/19 MP: 3/3
   202 | D:1      | Reached XP level 2. HP: 26/26 MP: 5/5
   402 | D:1      | Reached skill level 3 in Unarmed Combat
   915 | D:2      | Reached XP level 3. HP: 27/32 MP: 6/6
  1342 | D:2      | Reached skill level 4 in Unarmed Combat
  1444 | D:2      | Learned a level 2 spell: Blink
  1447 | D:2      | Learned a level 2 spell: Repel Missiles
  1516 | D:2      | Reached XP level 4. HP: 37/39 MP: 7/7
  2974 | D:4      | Noticed Natasha
  3000 | D:4      | Killed Natasha
  3000 | D:4      | Reached skill level 5 in Unarmed Combat
  3000 | D:4      | Reached XP level 5. HP: 27/45 MP: 5/8
  3169 | D:5      | Entered Level 5 of the Dungeon
  3235 | D:5      | Learned a level 2 spell: Call Imp
  3263 | D:5      | Found Luinu's Jewellery Boutique.
  3279 | D:5      | Noticed an ogre
  3287 | D:5      | Killed an ogre
  3306 | D:5      | Noticed a sky beast
  3318 | D:5      | Killed a sky beast
  3318 | D:5      | Reached skill level 6 in Unarmed Combat
  3318 | D:5      | Reached XP level 6. HP: 33/52 MP: 4/9
  3394 | D:5      | Found a shattered altar of Ashenzari.
  3459 | D:5      | Found Qahu's Book Shop.
  3496 | D:5      | Reached skill level 1 in Armour
  3540 | D:5      | Noticed Nicoed's ghost (novice OpTm)
  3555 | D:5      | Killed Nicoed's ghost
  3555 | D:5      | Reached XP level 7. HP: 26/61 MP: 2/10
  3623 | D:5      | Found a staircase to the Ecumenical Temple.
  3632 | Temple   | Entered the Ecumenical Temple
  3699 | Temple   | Became a worshipper of Cheibriados the Contemplative
  3809 | D:5      | Got a transparent ring mail
  3977 | D:5      | Identified the +1 ring mail of Hepliaklqana's Whim {Regen+ Dex+2} (You found it on level 5 of the Dungeon)
  4148 | D:5      | Reached skill level 7 in Unarmed Combat
  4169 | D:5      | Learned a level 3 spell: Regeneration
  4268 | D:4      | Noticed Natasha
  4489 | D:4      | Killed Natasha
  4513 | D:4      | Noticed Natasha
  4518 | D:4      | Killed Natasha
  4518 | D:4      | Reached XP level 8. HP: 69/69 MP: 7/12
  4610 | D:4      | Noticed Edmund
  4620 | D:4      | Killed Edmund
  4641 | D:4      | Found an ancient bone altar of Kikubaaqudgha.
  4760 | D:4      | Found a shimmering altar of Xom.
  4768 | D:4      | Found a bloodstained altar of Trog.
  4768 | D:4      | Found a shadowy altar of Dithmenos.
  4770 | D:4      | Found a radiant altar of Vehumet.
  4770 | D:4      | Found a snail-covered altar of Cheibriados.
  4770 | D:4      | Found a deep blue altar of Sif Muna.
  4773 | D:4      | Reached * piety under Cheibriados
  4999 | D:4      | Noticed Duvessa
  5020 | D:4      | Killed Duvessa
  5048 | D:4      | Noticed Dowan
  5072 | D:4      | Killed Dowan
  5477 | D:3      | Reached skill level 8 in Unarmed Combat
  5822 | D:6      | Learned a level 4 spell: Passage of Golubria
  5851 | D:6      | Reached ** piety under Cheibriados
  5915 | D:6      | Reached XP level 9. HP: 59/78 MP: 11/14
  6069 | D:6      | Got a steaming ring mail
  6100 | D:6      | Reached skill level 1 in Invocations
  6189 | D:6      | Reached *** piety under Cheibriados
  6511 | D:7      | Learned a level 3 spell: Conjure Flame
  7207 | D:7      | Reached skill level 9 in Unarmed Combat
  7470 | D:8      | Reached XP level 10. HP: 32/87 MP: 3/16
  7475 | D:8      | Reached skill level 5 in Fighting
  7497 | D:8      | Reached **** piety under Cheibriados
  7806 | D:8      | You fall through a shaft for 3 floors!
  7951 | D:11     | Identified the cursed +0 ring mail of Fanaticism {rCorr SInv} (You found it on level 6 of the Dungeon)
  8002 | D:10     | Entered Level 10 of the Dungeon
  8111 | D:9      | Reached skill level 5 in Dodging
  8111 | D:9      | Reached skill level 5 in Translocations
  8171 | D:9      | Reached skill level 5 in Spellcasting
  8343 | D:9      | Noticed Erica
  8356 | D:9      | Killed Erica
  8356 | D:9      | Reached skill level 10 in Unarmed Combat
  8358 | D:9      | Noticed Maurice
  8422 | D:9      | Reached skill level 5 in Armour
  8422 | D:9      | Reached XP level 11. HP: 83/97 MP: 14/18
  8475 | D:9      | Found a white marble altar of Elyvilon.
  8553 | D:9      | Killed Maurice
  8604 | D:9      | Found Opofoc's Weapon Boutique.
  9032 | D:9      | Reached ***** piety under Cheibriados
  9104 | D:8      | Gained mutation: You have an increased reservoir of magic. (+10% MP) [mutagenic meat]
  9105 | D:8      | Gained mutation: You are resistant to hostile enchantments. (MR+) [mutagenic meat]
  9106 | D:8      | Gained mutation: Your movements are slightly less encumbered by armour. (ER -2) [mutagenic meat]
  9107 | D:8      | Gained mutation: You can exhale a cloud of poison. [mutagenic meat]
  9108 | D:8      | Gained mutation: You are agile. (Dex +2) [mutagenic meat]
  9109 | D:8      | Gained mutation: You are occasionally teleported next to monsters. [mutagenic meat]
  9178 | D:8      | Found a staircase to the Lair.
  9564 | D:10     | Noticed a hill giant
  9569 | D:10     | Reached skill level 5 in Invocations
  9583 | D:10     | Killed a hill giant
  9596 | D:10     | Found a staircase to the Orcish Mines.
  9691 | D:10     | Noticed Sonja
  9692 | D:10     | Killed Sonja
  9889 | D:11     | Gained mutation: Your muscles are strong. (Str +2) [mutagenic meat]
  9890 | D:11     | Gained mutation: You are resistant to electric shocks. (rElec) [mutagenic meat]
  9906 | D:11     | Noticed a skeletal warrior
  9911 | D:11     | Noticed a skeletal warrior
  9917 | D:11     | Noticed a skeletal warrior
  9920 | D:11     | Killed a skeletal warrior
  9925 | D:11     | Killed a skeletal warrior
  9938 | D:11     | Killed a skeletal warrior
 10064 | D:12     | Found a frozen archway.
 10091 | IceCv    | Entered an ice cave
 10112 | IceCv    | Reached skill level 11 in Unarmed Combat
 10125 | IceCv    | Reached XP level 12. HP: 106/106 MP: 20/23
 11228 | Lair:1   | Entered Level 1 of the Lair of Beasts
 11599 | Lair:1   | Noticed Gastronok
 11626 | Lair:1   | Killed Gastronok
 11626 | Lair:1   | Reached skill level 12 in Unarmed Combat
 11626 | Lair:1   | Reached skill level 1 in Charms
 12153 | Lair:2   | Reached skill level 1 in Shields
 12312 | Lair:2   | Noticed an eight-headed hydra
 12318 | Lair:2   | Gained mutation: You can use your snake-like lower body to constrict enemies. [Naga growth]
 12318 | Lair:2   | Reached XP level 13. HP: 110/118 MP: 20/24
 12334 | Lair:2   | Reached XP level 14. HP: 64/127 MP: 9/25
 12815 | Lair:2   | Found a staircase to the Shoals.
 12868 | Lair:3   | Found a dark tunnel.
 12896 | Lair:3   | Reached skill level 13 in Unarmed Combat
 12920 | Volcano  | Entered a volcano
 13221 | Lair:3   | Found a staircase to the Snake Pit.
 13715 | Lair:4   | Noticed Kirke
 13724 | Lair:4   | Killed Kirke
 14104 | Lair:4   | Noticed Urug
 14115 | Lair:4   | Killed Urug
 14579 | Lair:5   | Reached skill level 1 in Throwing
 14595 | Lair:5   | Reached ****** piety under Cheibriados
 14595 | Lair:5   | Reached skill level 14 in Unarmed Combat
 15561 | Lair:6   | Entered Level 6 of the Lair of Beasts
 15629 | Lair:6   | Reached XP level 15. HP: 136/136 MP: 26/26
 15678 | Lair:6   | Got a scorched buckler
 15697 | Lair:6   | Identified the +3 buckler of Grace {MR- Int+7 Dex+3} (You found it on level 6 of the Lair of Beasts)
 15962 | Lair:6   | Reached skill level 10 in Invocations
 16014 | Lair:6   | Reached skill level 10 in Fighting
 16080 | Lair:6   | Found a staircase to the Slime Pits.
 16388 | Lair:6   | Learned a level 8 spell: Controlled Blink
 16689 | Orc:1    | Entered Level 1 of the Orcish Mines
 16831 | Orc:1    | Found a roughly hewn altar of Beogh.
 17051 | Orc:2    | Entered Level 2 of the Orcish Mines
 17384 | Orc:2    | Reached skill level 15 in Unarmed Combat
 17483 | Orc:2    | Found a staircase to the Elven Halls.
 17648 | Orc:2    | Found Apates's General Store.
 17736 | Orc:2    | Found Oggaut's Distillery.
 17746 | Orc:2    | Bought a scroll of blinking for 135 gold pieces
 17748 | Orc:2    | Bought a potion of curing for 42 gold pieces
 17748 | Orc:2    | Bought a potion of curing for 42 gold pieces
 17748 | Orc:2    | Bought a potion of curing for 42 gold pieces
 17748 | Orc:2    | Bought a potion of heal wounds for 70 gold pieces
 17953 | Orc:2    | Reached XP level 16. HP: 108/147 MP: 12/28
 17975 | Orc:2    | Found Yrijig's Antique Weapon Shoppe.
 17975 | Orc:2    | Found a one-way gate leading to the halls of Pandemonium.
 17975 | Orc:2    | Found Fittiet's Book Emporium.
 18002 | Orc:2    | Bought a book of Transfigurations for 605 gold pieces
 18011 | Orc:2    | Learned a level 6 spell: Statue Form
 18244 | D:12     | Reached skill level 1 in Earth Magic
 18470 | D:12     | Reached skill level 1 in Transmutations
 18653 | D:13     | Reached skill level 5 in Throwing
 18700 | D:13     | Found a gate to the Vaults.
 19344 | D:14     | Found a shimmering altar of Xom.
 19481 | D:14     | Found a shadowy altar of Dithmenos.
 19501 | D:14     | Reached skill level 5 in Earth Magic
 19565 | D:14     | Noticed Nessos
 19582 | D:14     | Killed Nessos
 19933 | D:15     | Entered Level 15 of the Dungeon
 20282 | D:15     | Found a staircase to the Depths.
 20429 | D:15     | Found Luoma's Changing Room.
 20470 | D:15     | Bought a potion of beneficial mutation for 490 gold pieces
 20470 | D:15     | Gained mutation: You passively map a small area around you. [potion of beneficial mutation]
 21109 | D:5      | Bought an uncursed ring of protection from magic for 350 gold pieces
 21109 | D:5      | Bought the amulet of Vuaw {Regen+ Stlth+} for 557 gold pieces
 21194 | Snake:1  | Entered Level 1 of the Snake Pit
 21201 | Snake:1  | Reached skill level 16 in Unarmed Combat
 21283 | Snake:1  | Found Nashren's Jewellery Boutique.
 21361 | Snake:2  | Found Fafaibok's Jewellery Boutique.
 21363 | Snake:2  | Found Maamofy's Gadget Emporium.
 21500 | Snake:1  | Reached XP level 17. HP: 143/154 MP: 15/31
 21539 | Snake:1  | Found a glowing silver altar of Zin.
 21671 | Snake:1  | Reached skill level 5 in Transmutations
 21773 | Snake:2  | Found Urcho's Jewellery Boutique.
 21855 | Snake:2  | Noticed Frances
 21864 | Snake:2  | Killed Frances
 21945 | Snake:2  | Reached skill level 10 in Earth Magic
 22263 | Snake:3  | Noticed Aizul
 22274 | Snake:3  | Killed Aizul
 22624 | Snake:3  | Noticed Vashnia
 22631 | Snake:3  | Killed Vashnia
 23287 | Snake:4  | Entered Level 4 of the Snake Pit
 23325 | Snake:4  | Reached XP level 18. HP: 163/163 MP: 12/33
 23328 | Snake:4  | Reached skill level 17 in Unarmed Combat
 23472 | Snake:4  | Got a serpentine rune of Zot
 24256 | Shoals:1 | Entered Level 1 of the Shoals
 24338 | Shoals:1 | Noticed Nikola
 24343 | Shoals:1 | Killed Nikola
 24819 | Shoals:2 | Noticed Polyphemus
 24832 | Shoals:2 | Killed Polyphemus
 25029 | Shoals:2 | Noticed Jorgrun
 25116 | Shoals:2 | Killed Jorgrun
 25116 | Shoals:2 | Reached XP level 19. HP: 172/172 MP: 35/35
 25198 | Shoals:2 | Found Ochiucer's Assorted Antiques.
 25211 | Shoals:2 | Bought a scroll of fog for 52 gold pieces
 25211 | Shoals:2 | Bought a scroll of identify for 52 gold pieces
 25211 | Shoals:2 | Bought a potion of curing for 78 gold pieces
 25211 | Shoals:2 | Bought a book of Cantrips for 520 gold pieces
 25213 | Shoals:2 | Learned a level 1 spell: Apportation
 25616 | Shoals:3 | Noticed Mara
 25619 | Shoals:3 | Noticed inmateoo's illusion
 25645 | Shoals:3 | Killed from afar by Mara (illusionary)

Skill      XL: |  1  2  3  4  5  6  7  8  9 10 11 12 13 14 15 16 17 18 |
---------------+-------------------------------------------------------+-----
Unarmed Combat | 3 4 5 6 7 8 9 10 11 12 14 15 16 17 | 17.7
Armour         | 1 2 3 4 5 6 7 |  7.5
Dodging        | 2 3 4 5 6 8 9 |  9.3
Fighting       | 3 4 5 6 8 9 10 11 | 11.4
Spellcasting   | 3 4 5 6 7 8 9 |  9.3
Invocations    | 3 4 5 7 8 9 10 11 | 11.1
Translocations | 4 5 6 7 8 |  8.8
Charms         | 1 4 |  4.3
Shields        | 3 4 |  4.6
Throwing       | 2 4 6 7 |  7.0
Earth Magic    | 8 12 13 | 13.2
Transmutations | 4 7 8 |  8.9

Action                   |  1- 3 |  4- 6 |  7- 9 | 10-12 | 13-15 | 16-18 | 19-21 || total
-------------------------+-------+-------+-------+-------+-------+-------+-------++-------
Melee: Unarmed           |    17 |    72 |   413 |   672 |   811 |   981 |    76 ||  3042
       Dagger            |   114 |   105 |     8 |    20 |       |       |       ||   247
       Punch             |     1 |     2 |    14 |    65 |       |       |       ||    82
       Constrict         |       |       |       |       |   190 |   226 |    19 ||   435
Throw: Tomahawk          |       |       |     2 |     1 |       |       |       ||     3
       Javelin           |       |       |       |       |     7 |     5 |       ||    12
 Cast: Repel Missiles    |     1 |     1 |     1 |     5 |     3 |    17 |       ||    28
       Call Imp          |       |    20 |    53 |    46 |     1 |       |       ||   120
       Blink             |       |     1 |       |       |       |       |       ||     1
       Regeneration      |       |       |     2 |    14 |    58 |    56 |     2 ||   132
       Conjure Flame     |       |       |       |       |     3 |       |       ||     3
       Statue Form       |       |       |       |       |       |    18 |     4 ||    22
Invok: Slouch            |       |       |       |     8 |    14 |    13 |     3 ||    38
 Abil: Spit Poison       |     8 |    10 |     4 |       |       |       |       ||    22
       Breathe Poison Ga |       |       |       |     2 |       |     1 |       ||     3
       Stop Flying       |       |       |       |       |       |     1 |       ||     1
Evoke: Wand              |       |       |       |     6 |     2 |     3 |       ||    11
  Use: Scroll            |     4 |     6 |    10 |    19 |     8 |    10 |       ||    57
       Potion            |       |     2 |     1 |     8 |       |     2 |       ||    13
 Stab: Sleeping          |       |     1 |       |       |     1 |     8 |     1 ||    11
       Distracted        |       |     2 |     1 |     8 |     1 |     4 |       ||    16
       Invisible         |       |       |     1 |     4 |       |       |       ||     5
       Petrified         |       |       |       |       |       |     1 |       ||     1
  Eat: Chunk             |     2 |     5 |     8 |    22 |     8 |     8 |     2 ||    55
       Beef jerky        |       |     1 |     2 |       |     1 |     4 |     1 ||     9
       Fruit             |       |       |     3 |     3 |     1 |     8 |       ||    15
       Pizza             |       |       |       |       |     2 |     4 |       ||     6
       Meat ration       |       |       |       |       |     1 |       |       ||     1
       Royal jelly       |       |       |       |       |       |     1 |       ||     1
Armor: Leather armour    |    16 |    28 |    12 |       |       |       |       ||    56
       Ring mail         |       |       |   166 |   185 |   202 |   165 |     9 ||   727
       Skin              |       |       |       |    20 |       |   189 |    75 ||   284
Dodge: Dodged            |    50 |    85 |   305 |   511 |   696 |   908 |   128 ||  2683
       Deflected         |       |     3 |     2 |    13 |     8 |    80 |     6 ||   112
Block: Buckler           |       |       |       |    13 |   379 |   483 |    83 ||   958
